 Dungeon Crawl Stone Soup version 0.27-a0-773-gaaee5cf45b (webtiles) character file.

Game seed: 11344510226569259143

56 robertstho the Magician (level 3, -8/26 HPs)
             Began as a Djinni Fire Elementalist on Mar 25, 2021.
             Mangled by Sigmund
             ... wielding a +0 scythe
              (11 damage)
             ... on level 3 of the Dungeon.
             The game lasted 00:02:54 (2706 turns).

robertstho the Magician (Djinni Fire Elementalist)  Turns: 2706, Time: 00:02:54

Health: -8/26      AC:  2    Str:  7    XL:     3   Next: 95%
Gold:   134        EV: 12    Int: 17    God:
                   SH:  0    Dex: 13

rFire    + + .     SeeInvis .   c - +0 short sword
rCold    x . .     Faith    .   (no shield)
rNeg     . . .     Spirit   .   a - +0 robe
rPois    ∞         Reflect  .   (no helmet)
rElec    .         Harm     .   (no cloak)
rCorr    .         Rampage  .   (no gloves)
Will     .....                  (boots unavailable)
Stlth    +.........             (no amulet)
HPRegen  0.08/turn              (no ring)
MPRegen  0.00/turn              (no ring)

@: confused, brilliant, flying
A: fire resistance 2, cold vulnerability 1, float, innate caster, hp casting,
extra vitality 1
a: no special abilities


You were on level 3 of the Dungeon.
You visited 1 branch of the dungeon, and saw 3 of its levels.

You collected 134 gold pieces.

Inventory:

Hand Weapons
 c - a +0 short sword (weapon)
Armour
 a - a +0 robe (worn)
Jewellery
 k - a +4 ring of evasion
Scrolls
 b - a scroll of identify {unknown}
 d - a scroll of amnesia {unknown}
 e - a scroll of enchant weapon {unknown}
 h - a scroll of teleportation {unknown}
 j - a scroll of fog {unknown}
Potions
 l - a potion of berserk rage {unknown}


   Skills:
 + Level 0.4 Fighting
 + Level 2.4 Dodging
 + Level 1.7 Stealth
 + Level 3.8 Spellcasting


You couldn't memorise any spells.
You knew the following spells:

 Your Spells              Type           Power      Damage    Failure   Level
a - Foxfire               Conj/Fire      96%        2x1d8     3%          1
b - Conjure Flame         Conj/Fire      24%        6-21      10%         3
c - Inner Flame           Hex/Fire       24%        N/A       10%         3
d - Sticky Flame          Conj/Fire      24%        2d5       32%         4
e - Fireball              Conj/Fire      12%        3d7       67%         5
f - Magic Dart            Conj           96%        1d7       3%          1
Your spell library was empty.

Dungeon Overview and Level Annotations

Branches:
Dungeon (3/15)

Altars:
Jiyva

Annotations:
D:3 Sigmund


Innate Abilities, Weirdness & Mutations

You are immune to poison.
Your flesh is very heat resistant. (rF++)
You are vulnerable to cold. (rC-)
You float through the air rather than walking.
You learn spells naturally, not from books.
Your magical power is your life essence.
You have superior vitality. (+4 HP)


Message History

The foxfire hits something.
Casting: Foxfire (safe; 3% risk of failure)
Confirm with . or Enter, or press ? or * to list all spells.
You conjure some foxfire!
You are confused.
Unknown command.
You're too confused to cast spells.
Sorry, you're not good enough to have a special ability.
The foxfire hits something but does no damage. x2
Unknown command.
You're too confused to cast spells.
Sorry, you're not good enough to have a special ability.
Unknown command.
It was a potion of flight.
You feel more buoyant.
You hear some strange, mumbled words.
Something tries to affect you, but you resist.
It was a potion of curing.
You feel better. Something hits you.
Your magical contamination has completely faded away.
Casting: Foxfire (safe; 3% risk of failure)
Confirm with . or Enter, or press ? or * to list all spells.
You conjure some foxfire!
Something hits you.
The foxfire hits something.
The foxfire hits something but does no damage.
Something hits you.
Casting: Foxfire (safe; 3% risk of failure)
Confirm with . or Enter, or press ? or * to list all spells.
You conjure some foxfire!
Something hits you.
The foxfire hits something but does no damage.
The foxfire hits something.
Something hits you!
* * * LOW HITPOINT WARNING * * *
You hear some strange, mumbled words.
You are confused.
Found a white potion.
You're too confused to cast spells.
Sorry, you're not good enough to have a special ability.
It was a potion of brilliance.
You feel clever all of a sudden. Something hits you!
You die...

########## ###
#........###. ....
#............
.....##......).....
!..)............##
.§.§#@.{.....##
........###.####
.......## #.#
.####.# ##.#
####.####..#
..........####.#
#.###........#
..#...#.....##
#.###........


There were no monsters in sight!

Vanquished Creatures
  An adder (D:2)
  A worm (D:2)
  2 dart slugs
  An orc (D:3)
  2 bats
  3 endoplasms (D:2)
  A giant cockroach (D:1)
  5 goblins
  2 hobgoblins (D:2)
  3 jackals
  3 quokkas (D:2)
  2 frilled lizards
  7 kobolds
  2 rats (D:2)
35 creatures vanquished.

Vanquished Creatures (others)
  135 foxfires
135 creatures vanquished.

Grand Total: 170 creatures vanquished

Notes
Turn   | Place    | Note
-------+----------+-------------------------------------------
     0 | D:1      | robertstho the Djinni Fire Elementalist began the quest for
                  | the Orb.
     0 | D:1      | Reached XP level 1. HP: 15/15 MP: 0/0
   425 | D:1      | Reached XP level 2. HP: 18/21 MP: 0/0
   529 | D:1      | Found a viscous altar of Jiyva.
   535 | D:1      | Reached skill level 3 in Spellcasting
  1676 | D:2      | Reached XP level 3. HP: 24/26 MP: 0/0
  1676 | D:2      | Learned a level 1 spell: Magic Dart
  1840 | D:2      | Found a faded altar of an unknown god.
  2690 | D:3      | Noticed Sigmund
  2706 | D:3      | Mangled by Sigmund

Illustrated notes

Levels and vault maps discovered:
D:1:      erik_arrival_cave_to_civilisation [erik_arrival_cave_to_temple],
          layout_basic
D:2:      layout_loops_corners, chequers_ecumenical_altar_grove
D:3:      layout_rooms, general_overflow_altar, minmay_misc_feat_plants,
          uniq_sigmund

Skill      XL: |  1  2 |
---------------+-------+-----
Spellcasting   | 3 |  3.8
Fighting       | |  0.4
Dodging        | |  2.4
Stealth        | |  1.7

Action                   || total
-------------------------++-------
 Cast: Foxfire           ||    75
  Use: Potion            ||     3
Armor: Robe              ||     8
Dodge: Dodged            ||    22

Table legend: (Time is in decaauts)
 A = Elapsed time spent in this place.
 B = Non-inter-level travel time spent in this place.
 C = Inter-level travel time spent in this place.
 D = Time resting spent in this place.
 E = Time spent auto-exploring this place.
 F = Levels seen in this place.
 G = Mean time per level.
                   A        B        C        D        E       F      G
               +--------+--------+--------+--------+--------+-----+--------+
         Total |   2705 |   2677 |     28 |    202 |   2258 |   3 |  901.7 |
       Dungeon |   2705 |   2677 |     28 |    202 |   2258 |   3 |  901.7 |
               +--------+--------+--------+--------+--------+-----+--------+

Top non-repeatable levels by time:
     D:2: 1388 daAuts
     D:1: 1244 daAuts
     D:3: 71 daAuts
